 Dungeon Crawl Stone Soup version 0.27.0-1-g7a089689b8 (webtiles) character file.

Game seed: 1302431379173727513

121 trckry the Grasshopper (level 5, -1/53 HPs)
             Began as an Ogre Warper on Aug 10, 2021.
             Was a Believer of Lugonu.
             Slain by an orc (7 damage)
             ... on level 3 of the Dungeon on Aug 11, 2021.
             The game lasted 00:06:56 (2515 turns).

trckry the Grasshopper (Ogre Warper)                Turns: 2515, Time: 00:06:56

Health: -1/53      AC:  3    Str: 15    XL:     5   Next: 5%
Magic:  9/9        EV:  9    Int: 15    God:    Lugonu [**....]
Gold:   39         SH:  0    Dex:  8    Spells: 10/10 levels left

rFire    . . .     SeeInvis .   a - +0 flail
rCold    . . .     Faith    .   (no shield)
rNeg     . . .     Spirit   .   b - +0 robe
rPois    .         Reflect  .   (helmet restricted)
rElec    .         Harm     .   (no cloak)
rCorr    .         Rampage  .   (gloves unavailable)
Will     .....                  (boots unavailable)
Stlth    +.........             (no amulet)
HPRegen  0.17/turn              (no ring)
MPRegen  0.11/turn              (no ring)

@: no status effects
A: large, unfitting armour, tough skin 1
a: Renounce Religion, Depart the Abyss, Bend Space


You were on level 3 of the Dungeon.
You worshipped Lugonu.
Lugonu was pleased with you.
You visited 1 branch of the dungeon, and saw 3 of its levels.

You collected 39 gold pieces.

Inventory:

Hand Weapons
 a - a +0 flail (weapon)
Armour
 b - a +0 robe (worn)
Scrolls
 c - a scroll of blinking
 g - a scroll of fear {unknown}
Potions
 e - a potion of curing {unknown}
 f - a potion of degeneration {unknown}


   Skills:
 + Level 3.5 Fighting
 * Level 2.8 Maces & Flails
 + Level 1.8 Throwing
 - Level 2.1 Dodging
 + Level 3.0 Spellcasting
 * Level 3.5 Translocations


You had 10 spell levels left.
You didn't know any spells.
Your spell library contained the following spells:

 Spells                   Type           Power      Damage    Failure   Level
 Blink                    Tloc           N/A        N/A       7%          2
 Gell's Gravitas          Tloc           6%         N/A       14%         3
 Lesser Beckoning         Tloc           6%         N/A       14%         3
 Teleport Other           Tloc           12%        N/A       14%         3
 Slow                     Hex            2%         N/A       30%         2
 Confusing Touch          Hex            2%         N/A       52%         3
 Manifold Assault         Tloc           12%        N/A       78%         5
 Yara's Violent Unravell  Hex/Tmut       1%         3d3       99%         5


Dungeon Overview and Level Annotations

Branches:
Dungeon (3/15)

Altars:
Lugonu

Shops:
D:1 (

Annotations:
D:2 Natasha


Innate Abilities, Weirdness & Mutations

You are too large for most types of armour.
You have tough skin. (AC +1)


Message History

Natasha is moderately wounded.
Natasha barely misses you. Natasha claws you!
You take 6 damage, and have 22/53 hp.
You hit Natasha.
Natasha is heavily wounded.
Natasha closely misses you.
You barely miss Natasha.
Natasha is heavily wounded.
Natasha claws you.
You take 1 damage, and have 21/53 hp.
You closely miss Natasha.
Natasha is heavily wounded.
Natasha closely misses you. x2
You barely miss Natasha.
Natasha is heavily wounded.
Natasha wildly gestures.
You feel disoriented. Natasha claws you.
You take 5 damage, and have 16/53 hp.
You closely miss Natasha.
Natasha is heavily wounded.
Natasha claws you!
* * * LOW HITPOINT WARNING * * *
You take 6 damage, and have 10/53 hp.
You hit Natasha.
Natasha is almost dead.
Natasha claws you.
* * * LOW HITPOINT WARNING * * *
You take 5 damage, and have 5/53 hp.
Okay, then.
Space bends around you!
You blink.
You take 2 damage, and have 3/53 hp.
You now have 8/9 mp.
MP restored: 9
There is a stone staircase leading down here.
You climb downwards.
A quokka, a goblin, 2 orcs and an orc priest come into view.
The orc shouts! x2; The orc priest shouts!
The goblin shouts!
You hear a shout! x2
There is a stone staircase leading up here.
The orc hits you with a +0 mace!
You die...

...##.....##
........g..##
............#
....r.......#
............#
............#
........o...#
.......@....#
......o.....#
...#.o....#...#
# #.##.### #.#
... ... # ...
... ... ... .##
.....


You could see an orc priest, 2 orcs, a quokka (wandering) and a goblin.

Vanquished Creatures
  Natasha (D:2)
  3 gnolls
  A worm (D:2)
  2 dart slugs (D:1)
  6 ball pythons
  4 bats
  3 endoplasms
  6 giant cockroaches
  3 goblins (D:1)
  4 hobgoblins
  8 jackals
  2 kobolds (D:1)
  3 quokkas
  4 frilled lizards
  6 rats
56 creatures vanquished.

Notes
Turn   | Place    | Note
-------+----------+-------------------------------------------
     0 | D:1      | trckry the Ogre Warper began the quest for the Orb.
     0 | D:1      | Reached XP level 1. HP: 22/22 MP: 3/3
   231 | D:1      | Reached XP level 2. HP: 20/29 MP: 3/5
   572 | D:1      | Found Maediash's Weapon Emporium.
   827 | D:1      | Reached XP level 3. HP: 30/36 MP: 6/6
  1492 | D:2      | Reached XP level 4. HP: 24/45 MP: 8/8
  1666 | D:2      | Found a faded altar of an unknown god.
  1691 | D:2      | Became a worshipper of Lugonu the Unformed
  1691 | D:2      | Reached * piety under Lugonu
  1691 | D:2      | Reached ** piety under Lugonu
  1753 | D:2      | Noticed Natasha
  1759 | D:2      | Killed Natasha
  2374 | D:2      | Reached XP level 5. HP: 39/53 MP: 9/9
  2485 | D:2      | Noticed Natasha
  2498 | D:2      | HP: 5/53 [Natasha (5)]
  2515 | D:3      | Slain by an orc

Illustrated notes

Levels and vault maps discovered:
D:1:      lemuel_arrival_tunnels, layout_loops_ring, serial_shops, shop,
          minivault_14
D:2:      layout_loops_cross, shapermc_ecumenical_altar_venn, uniq_natasha
D:3:      layout_rooms, nicolae_uskayaw_murder_on_the_dancefloor, uniq_sigmund

Skill      XL: |  1  2  3  4 |
---------------+-------------+-----
Maces & Flails | 2 |  2.8
Translocations | 3 |  3.5
Fighting       | 3 |  3.5
Spellcasting   | 3 |  3.0
Throwing       | |  1.8
Dodging        | |  2.1

Action                   |  1- 3 |  4- 6 || total
-------------------------+-------+-------++-------
Melee: Mace              |   184 |    29 ||   213
       Flail             |       |    18 ||    18
Throw: Boomerang         |       |     5 ||     5
Invok: Bend Space        |       |     1 ||     1
Armor: Robe              |    97 |     7 ||   104
Dodge: Dodged            |   118 |    23 ||   141
